[Event "ICC tourney 2533 (25 5)"]
[Site "Internet Chess Club"]
[Date "2021.04.24"]
[Round "2"]
[White "JIANG, NICHOLAS:K09-15273385"]
[Black "YANG, ANDREW:K09-16578406"]
[Result "1-0"]
[ICCResult "Black checkmated"]
[WhiteElo "1985"]
[BlackElo "1263"]
[Opening "Pirc: classical (two knights) system"]
[ECO "B08"]
[NIC "PU.10"]
[Time "13:13:53"]
[PlyCount "91"]
[TimeControl "1500+5"]

1. e4 d6 2. d4 Nf6 3. Nc3 g6 4. Nf3 Bg7 5. Bc4 O-O 6. O-O e5 7. dxe5 dxe5
8. Qxd8 Rxd8 9. Bg5 Re8 10. Rad1 Bg4 11. Nb5 Na6 12. Bxf6 Bxf6 13. b4 Bxf3
14. gxf3 Be7 15. c3 c6 16. Nd6 Bxd6 17. Rxd6 Rad8 18. Rfd1 Rxd6 19. Rxd6
Re7 20. Bxa6 bxa6 21. Rxc6 Rd7 22. Rxa6 Rd3 23. Kg2 Rxc3 24. Rxa7 Rc2 25.
b5 Rb2 26. a4 Rb4 27. Ra6 Kf8 28. b6 Ke7 29. Kg3 Kd7 30. a5 Rb5 31. Ra7+
Kc6 32. Rc7+ Kd6 33. Rxf7 Rxa5 34. b7 Rb5 35. Rxh7 Kc6 36. Kg4 Kd6 37. Kg5
Ke6 38. Kxg6 Rb6 39. Kg5 Rxb7 40. Rxb7 Kd6 41. h4 Ke6 42. h5 Kd6 43. h6 Ke6
44. h7 Kd6 45. h8=Q Ke6 46. Qh6# { Black checkmated } 1-0

[Event "ICC tourney 2533 (25 5)"]
[Site "Internet Chess Club"]
[Date "2021.04.24"]
[Round "2"]
[White "JAIN, RAJNEESH:K09-16887466"]
[Black "MARTIN, DREW:K09-16062286"]
[Result "0-1"]
[ICCResult "White checkmated"]
[WhiteElo "1246"]
[BlackElo "1903"]
[Opening "King's pawn game"]
[ECO "C44"]
[NIC "KP.10"]
[Time "13:11:36"]
[PlyCount "66"]
[TimeControl "1500+5"]

1. e4 e5 2. Nf3 Nc6 3. b3 d5 4. exd5 Qxd5 5. Bb2 Bg4 6. Bc4 Qd7 7. Bd3 Nf6
8. Be2 Bd6 9. d3 O-O 10. Nbd2 Rfe8 11. c4 Rad8 12. Qc2 Qe7 13. O-O-O a5 14.
h3 Bf5 15. g4 Bg6 16. Nb1 Nb4 17. Qd2 Nxa2+ 18. Kc2 e4 19. Nd4 exd3+ 20.
Bxd3 Bxd3+ 21. Qxd3 Nb4+ 22. Kc3 Nxd3 23. Rxd3 Be5 24. Kc2 Bxd4 25. Bxd4
Qe4 26. Nc3 Qxh1 27. Bxf6 Rxd3 28. Kxd3 gxf6 29. Kc2 Qxh3 30. g5 fxg5 31.
Nd5 Re2+ 32. Kd1 Qd3+ 33. Kc1 Qc2# { White checkmated } 0-1

[Event "ICC tourney 2533 (25 5)"]
[Site "Internet Chess Club"]
[Date "2021.04.24"]
[Round "2"]
[White "VENIGALLA, THAMAN:K09-15782351"]
[Black "SUDARSHAN IYENGAR, VARSHA:K09-15871248"]
[Result "0-1"]
[ICCResult "White resigns"]
[WhiteElo "242"]
[BlackElo "917"]
[Opening "Ruy Lopez: old Steinitz defense"]
[ECO "C62"]
[NIC "RL.02"]
[Time "13:12:04"]
[PlyCount "70"]
[TimeControl "1500+5"]

1. e4 e5 2. Nf3 Nc6 3. Bb5 d6 4. Bxc6+ bxc6 5. c3 Nf6 6. d3 Be7 7. O-O O-O
8. Re1 Bg4 9. h3 Bh5 10. d4 exd4 11. cxd4 d5 12. exd5 cxd5 13. Nc3 Bb4 14.
a3 Bxc3 15. bxc3 Re8 16. Rb1 Bxf3 17. gxf3 h6 18. Kh1 Qd7 19. Kh2 Rxe1 20.
Qxe1 Qd6+ 21. Kg2 Nh5 22. Kf1 Nf4 23. Bxf4 Qxf4 24. Qe2 Qf5 25. Rb2 Qxh3+
26. Ke1 Kf8 27. Kd1 Re8 28. Qd2 Qf1+ 29. Kc2 Re2 30. Rb8+ Ke7 31. Qxe2+
Qxe2+ 32. Kb3 Qd1+ 33. Kb4 Qb1+ 34. Kc5 Qxb8 35. Kxd5 h5 { White resigns }
0-1

[Event "ICC tourney 2533 (25 5)"]
[Site "Internet Chess Club"]
[Date "2021.04.24"]
[Round "2"]
[White "Y NG, EUGENE:K09-17199947"]
[Black "LU, JASON:K09-15264313"]
[Result "0-1"]
[ICCResult "White resigns"]
[WhiteElo "1359"]
[BlackElo "2203"]
[Opening "Sicilian: wing gambit deferred"]
[ECO "B50"]
[NIC "SI.01"]
[Time "13:12:31"]
[PlyCount "54"]
[TimeControl "1500+5"]

1. e4 c5 2. Nf3 d6 3. b4 cxb4 4. a3 bxa3 5. d4 g6 6. c3 a2 7. Rxa2 Bg7 8.
Na3 Nf6 9. Bd3 Nc6 10. O-O O-O 11. Bg5 h6 12. Bxf6 Bxf6 13. Re1 Bg7 14. e5
dxe5 15. Nxe5 Nxe5 16. dxe5 Be6 17. Rd2 Qa5 18. Nc4 Qxc3 19. Rc2 Qd4 20.
Re4 Qd7 21. Qf3 Bd5 22. Rd4 Rad8 23. Qg3 Qe6 24. Rd2 b5 25. h3 bxc4 26.
Bxc4 Bxe5 27. Bxd5 Rxd5 { White resigns } 0-1

[Event "ICC tourney 2533 (25 5)"]
[Site "Internet Chess Club"]
[Date "2021.04.24"]
[Round "2"]
[White "SUN, YIYI:K09-16380808"]
[Black "KROTOV, DAMIAN:K09-17105641"]
[Result "0-1"]
[ICCResult "White checkmated"]
[WhiteElo "1133"]
[BlackElo "1819"]
[Opening "Caro-Kann: classical variation"]
[ECO "B18"]
[NIC "CK.10"]
[Time "13:13:53"]
[PlyCount "112"]
[TimeControl "1500+5"]

1. e4 c6 2. d4 d5 3. Nc3 dxe4 4. Nxe4 Bf5 5. Nc3 e6 6. Nf3 Nd7 7. Bf4 Ngf6
8. h3 h6 9. Bd3 Bxd3 10. Qxd3 Be7 11. a3 Qb6 12. O-O O-O 13. Rfe1 Nd5 14.
Nxd5 cxd5 15. b4 Rac8 16. Rac1 Qc6 17. Nd2 Nb6 18. Nb3 Nc4 19. Nd2 Nxd2 20.
Qxd2 Qc3 21. Qxc3 Rxc3 22. Re3 Rfc8 23. Rd3 Rxc2 24. Rxc2 Rxc2 25. Rg3 Kf8
26. Bb8 a6 27. Be5 f6 28. Bb8 Rc6 29. Rf3 Bd6 30. Bxd6+ Rxd6 31. Rc3 Rc6
32. Rc5 Rxc5 33. bxc5 Ke7 34. Kf1 Kd7 35. Ke2 Kc6 36. Kd3 Kb5 37. Kc3 Ka4
38. Kb2 e5 39. dxe5 fxe5 40. f3 Kb5 41. Kc3 Kxc5 42. Kd3 b5 43. Kc3 a5 44.
Kb3 d4 45. Kc2 Kc4 46. g4 g5 47. Kd2 b4 48. axb4 axb4 49. Kc2 b3+ 50. Kb2
d3 51. f4 exf4 52. h4 gxh4 53. g5 hxg5 54. Kc1 Kc3 55. Kb1 d2 56. Ka1 d1=R#
{ White checkmated } 0-1

[Event "ICC tourney 2533 (25 5)"]
[Site "Internet Chess Club"]
[Date "2021.04.24"]
[Round "2"]
[White "NADYRSHIN, IMRAN:K09-17245693"]
[Black "KOTHAPALLI, ASHISH:K09-16185293"]
[Result "0-1"]
[ICCResult "White checkmated"]
[WhiteElo "163"]
[BlackElo "897"]
[Opening "Queen's pawn game, Chigorin variation"]
[ECO "D02"]
[NIC "QP.08"]
[Time "13:13:31"]
[PlyCount "150"]
[TimeControl "1500+5"]

1. d4 d5 2. Nf3 Nc6 3. Bf4 Nf6 4. e3 e6 5. Be2 Bd6 6. Bxd6 cxd6 7. O-O Qb6
8. b3 Bd7 9. Nbd2 O-O 10. h3 e5 11. Rc1 e4 12. Ne1 Qc7 13. c4 dxc4 14. Bxc4
d5 15. Bb5 a6 16. Bxc6 Bxc6 17. Nc2 h6 18. Nb4 Qd6 19. Nxc6 bxc6 20. a4
Rab8 21. Rc3 Rfc8 22. Rc1 c5 23. dxc5 Rxc5 24. Rxc5 Qxc5 25. Qb1 Qc3 26.
Rd1 Nd7 27. Qa1 Qxa1 28. Rxa1 Nc5 29. Rc1 Nxb3 30. Nxb3 Rxb3 31. Rc8+ Kh7
32. f4 exf3 33. gxf3 Rxe3 34. Kg2 Ra3 35. f4 Rxa4 36. f5 d4 37. Rd8 a5 38.
Kg3 Ra3+ 39. Kg4 d3 40. Kh5 g6+ 41. Kg4 gxf5+ 42. Kxf5 Rc3 43. Kf6 a4 44.
Kxf7 a3 45. Kf8 Rc7 46. Rxd3 a2 47. Ra3 Rc2 48. Kf7 h5 49. Kf6 Rf2+ 50. Kg5
Kg7 51. Ra7+ Kf8 52. Rxa2 Rxa2 53. Kxh5 Kg7 54. Kh4 Ra5 55. Kg4 Kh6 56. h4
Ra4+ 57. Kh3 Kh5 58. Kg3 Rxh4 59. Kf3 Rd4 60. Ke3 Rg4 61. Kf3 Kg5 62. Ke3
Rf4 63. Kd3 Kf5 64. Ke2 Ke4 65. Kd2 Rf3 66. Kc2 Rd3 67. Kb2 Kd4 68. Ka2 Kc4
69. Kb2 Re3 70. Kc2 Re2+ 71. Kd1 Ra2 72. Ke1 Kd3 73. Kf1 Ke3 74. Kg1 Kf3
75. Kf1 Ra1# { White checkmated } 0-1

[Event "ICC tourney 2533 (25 5)"]
[Site "Internet Chess Club"]
[Date "2021.04.24"]
[Round "2"]
[White "ASTHANA, AMAN:K09-15042721"]
[Black "TCHENG, SUHN:K09-16951820"]
[Result "0-1"]
[ICCResult "White checkmated"]
[WhiteElo "947"]
[BlackElo "406"]
[Opening "QGD: Marshall defense"]
[ECO "D06"]
[NIC "QP.08"]
[Time "13:11:42"]
[PlyCount "132"]
[TimeControl "1500+5"]

1. d4 d5 2. c4 Nf6 3. Nc3 Nc6 4. Nf3 Bg4 5. e3 e6 6. Be2 Bxf3 7. Bxf3 dxc4
8. O-O Bd6 9. Be2 Na5 10. a3 c5 11. dxc5 Be5 12. Qxd8+ Rxd8 13. Na4 Nd7 14.
Rb1 b6 15. cxb6 axb6 16. b4 Nc6 17. Bxc4 Rb8 18. Bb5 Rc8 19. f4 Bf6 20. Bb2
Bxb2 21. Rxb2 O-O 22. Rd2 Nf6 23. Nxb6 Rc7 24. Bxc6 Rxc6 25. Na4 Ra6 26.
Nb2 Rxa3 27. Rfd1 h6 28. Rd3 Ra2 29. R1d2 Ne4 30. Rc2 Rb8 31. Rd4 Nf6 32.
Rdc4 Ng4 33. Nd1 Rxc2 34. Rxc2 Rxb4 35. Rc8+ Kh7 36. Rc7 Rb1 37. Kf1 Nxe3+
38. Ke2 Nxd1 39. Rxf7 Nc3+ 40. Kd2 Nd5 41. Kc2 Rf1 42. g3 Rf2+ 43. Kd3 Rxh2
44. Ke4 Re2+ 45. Kd4 Re3 46. f5 Kg8 47. fxe6 Rxe6 48. Rd7 Nf6 49. Rd8+ Re8
50. Rxe8+ Nxe8 51. Ke4 Kf7 52. Kf4 Kf6 53. g4 Nd6 54. Kg3 Kg5 55. Kh3 Ne4
56. Kh2 Kxg4 57. Kh1 Kf4 58. Kg1 g5 59. Kf1 g4 60. Kg1 g3 61. Kh1 Kf3 62.
Kg1 g2 63. Kh2 Kf2 64. Kh3 g1=Q 65. Kh4 Qg5+ 66. Kh3 Qg3# { White
checkmated } 0-1

[Event "ICC tourney 2533 (25 5)"]
[Site "Internet Chess Club"]
[Date "2021.04.24"]
[Round "2"]
[White "N DAAS, CHIRAG:K09-16003211"]
[Black "OVINDEE WADUTHANTHREE, THIHANSA:K09-16126955"]
[Result "0-1"]
[ICCResult "White resigns"]
[WhiteElo "470"]
[BlackElo "1136"]
[Opening "French defense, Steiner variation"]
[ECO "C00"]
[NIC "FR.01"]
[Time "13:13:06"]
[PlyCount "40"]
[TimeControl "1500+5"]

1. e4 e6 2. c4 d5 3. exd5 exd5 4. d4 c6 5. Nc3 Nf6 6. Nf3 Be7 7. Be2 Bg4 8.
c5 O-O 9. O-O Nbd7 10. Bg5 Re8 11. h3 Bh5 12. Ne5 Bxe2 13. Qxe2 Nxe5 14.
dxe5 Nd7 15. Bxe7 Rxe7 16. f4 Nxc5 17. f5 Qe8 18. Rfe1 Nd7 19. e6 fxe6 20.
f6 Nxf6 { White resigns } 0-1

[Event "ICC tourney 2533 (25 5)"]
[Site "Internet Chess Club"]
[Date "2021.04.24"]
[Round "2"]
[White "CURRAN, ELI:K09-16489414"]
[Black "WANG, ETHAN:K09-15914623"]
[Result "0-1"]
[ICCResult "White checkmated"]
[WhiteElo "537"]
[BlackElo "1409"]
[Opening "Sicilian defense"]
[ECO "B20"]
[NIC "SI.48"]
[Time "13:13:53"]
[PlyCount "78"]
[TimeControl "1500+5"]

1. e4 c5 2. Bc4 e6 3. Nf3 a6 4. e5 b5 5. Bd3 Bb7 6. O-O d5 7. b4 c4 8. Be2
Bxb4 9. c3 Bc5 10. d4 cxd3 11. Qxd3 Ne7 12. Be3 Bxe3 13. Qxe3 O-O 14. Rd1
Nbc6 15. h3 Nf5 16. Qf4 Nce7 17. Nbd2 Ng6 18. Qg4 Qc7 19. Nb3 Nxe5 20. Nxe5
Qxe5 21. Re1 Qf6 22. Bd3 Rac8 23. Rac1 Nh6 24. Qh5 Rxc3 25. Rxc3 Qxc3 26.
Rd1 Qf6 27. Nc5 Bc8 28. Rc1 Qf4 29. Re1 g6 30. Qd1 Nf5 31. Bxf5 Qxf5 32. g4
Qf6 33. Nd3 Bb7 34. f4 Qd4+ 35. Kh2 Qc3 36. f5 Qc7+ 37. Kh1 d4+ 38. Kg1
Qg3+ 39. Kf1 Qg2# { White checkmated } 0-1

[Event "ICC tourney 2533 (25 5)"]
[Site "Internet Chess Club"]
[Date "2021.04.24"]
[Round "2"]
[White "P CHABUKSWAR, VED:K09-17181828"]
[Black "ROSE SAFRANEK, VEDA:K09-14975007"]
[Result "0-1"]
[ICCResult "White checkmated"]
[WhiteElo "1046"]
[BlackElo "1681"]
[Opening "Queen's bishop game"]
[ECO "A45"]
[NIC "QP.07"]
[Time "13:11:30"]
[PlyCount "54"]
[TimeControl "1500+5"]

1. d4 Nf6 2. Bf4 d5 3. Nf3 e6 4. e3 c5 5. c3 Nc6 6. Bd3 Bd6 7. Bg3 O-O 8.
Nbd2 Re8 9. Ne5 Qc7 10. f4 Nd7 11. Qg4 f6 12. Nxc6 bxc6 13. Qh5 g6 14. Qh4
cxd4 15. cxd4 e5 16. f5 exd4 17. Bxd6 Qxd6 18. fxg6 Rxe3+ 19. Kd1 hxg6 20.
Bxg6 Qe7 21. Rc1 Ne5 22. Bb1 Bg4+ 23. Kc2 Qc5+ 24. Nc4 Qxc4+ 25. Kd2 Rd3+
26. Bxd3 Qxd3+ 27. Ke1 Qe2# { White checkmated } 0-1

[Event "ICC tourney 2533 (25 5)"]
[Site "Internet Chess Club"]
[Date "2021.04.24"]
[Round "2"]
[White "REYNOLDS, TYLER:K09-15100161"]
[Black "GHOSH, PRARTHAN:K09-15038196"]
[Result "0-1"]
[ICCResult "White resigns"]
[WhiteElo "1207"]
[BlackElo "1916"]
[Opening "King's Indian defense, 3.Nc3"]
[ECO "E61"]
[NIC "KI.76"]
[Time "13:12:51"]
[PlyCount "80"]
[TimeControl "1500+5"]

1. d4 Nf6 2. c4 g6 3. Nc3 Bg7 4. Nf3 d6 5. e3 O-O 6. Be2 c6 7. O-O Bf5 8.
Bd3 Bxd3 9. Qxd3 Nbd7 10. b3 Qc7 11. Bb2 e5 12. Rfe1 Rad8 13. Rad1 a6 14.
a4 c5 15. Ne2 e4 16. Qc2 exf3 17. gxf3 Nh5 18. d5 Ne5 19. f4 Nf3+ 20. Kh1
Nxe1 21. Rxe1 Qe7 22. Ng3 Nf6 23. f3 Rfe8 24. e4 Nd7 25. f5 g5 26. Rg1 h6
27. Nh5 Bxb2 28. Qxb2 f6 29. h4 Kf7 30. Qc2 Rg8 31. Qh2 Ne5 32. Qh3 gxh4
33. f4 Rxg1+ 34. Kxg1 Rg8+ 35. Kf2 Ng4+ 36. Kf3 Qd7 37. Qxh4 b5 38. axb5
axb5 39. Ng3 bxc4 40. bxc4 Qa4 { White resigns } 0-1

[Event "ICC tourney 2533 (25 5)"]
[Site "Internet Chess Club"]
[Date "2021.04.24"]
[Round "2"]
[White "JAMES, MATTHEW:K09-16417961"]
[Black "MENDEL, ROWAN:K09-15291230"]
[Result "1-0"]
[ICCResult "Black checkmated"]
[WhiteElo "1820"]
[BlackElo "1132"]
[Opening "English opening"]
[ECO "A10"]
[NIC "EO.64"]
[Time "13:14:20"]
[PlyCount "81"]
[TimeControl "1500+5"]

1. c4 d6 2. Nc3 Nf6 3. e4 g6 4. g3 Bg7 5. Bg2 O-O 6. d3 Nbd7 7. Nge2 e5 8.
O-O c6 9. f4 Qc7 10. h3 a6 11. a4 Rb8 12. g4 b5 13. axb5 cxb5 14. g5 Nh5
15. Nd5 Qc5+ 16. Be3 bxc4 17. Bxc5 cxd3 18. Bxd6 dxe2 19. Qxe2 Ng3 20. Qc2
Nxf1 21. Rxf1 Bb7 22. Bxb8 Rxb8 23. Qc7 Bc8 24. Ne7+ Kf8 25. Nxc8 Rxc8 26.
Qxc8+ Ke7 27. f5 gxf5 28. exf5 e4 29. f6+ Bxf6 30. gxf6+ Nxf6 31. Qc5+ Ke6
32. Bxe4 Nxe4 33. Re1 f5 34. Qc8+ Ke5 35. Qe8+ Kf4 36. Rxe4+ fxe4 37. Kf2
h5 38. h4 a5 39. b3 Kg4 40. Qe7 Kf4 41. Qg5# { Black checkmated } 1-0

[Event "ICC tourney 2533 (25 5)"]
[Site "Internet Chess Club"]
[Date "2021.04.24"]
[Round "2"]
[White "ADHARSH KUMAR, PRANAV:K09-17185926"]
[Black "CHUGH, AARUSH:K09-14970943"]
[Result "1-0"]
[ICCResult "Black resigns"]
[WhiteElo "411"]
[BlackElo "1500"]
[Opening "Ruy Lopez: exchange variation, 5.O-O"]
[ECO "C68"]
[NIC "RL.08"]
[Time "13:14:11"]
[PlyCount "42"]
[TimeControl "1500+5"]

1. e4 e5 2. Nf3 Nc6 3. Bb5 a6 4. Bxc6 dxc6 5. O-O Bg4 6. h3 Bh5 7. g4 Bg6
8. Nxe5 Bxe4 9. Re1 Qd5 10. Nc3 Qa5 11. Rxe4 Be7 12. Qe2 f6 13. Nc4 Qg5 14.
d3 Qg6 15. Bf4 O-O-O 16. Rxe7 Nxe7 17. Qxe7 Rd7 18. Qc5 h5 19. Qa7 Rdd8 20.
Re1 hxg4 21. Nb6+ cxb6 { Black resigns } 1-0

[Event "ICC tourney 2533 (25 5)"]
[Site "Internet Chess Club"]
[Date "2021.04.24"]
[Round "2"]
[White "SAI MEIYALAGAN, RUBAN:K09-30018746"]
[Black "MELISSANDRE ZAMOJSKI, CHLOL:K09-16776316"]
[Result "0-1"]
[ICCResult "White resigns"]
[WhiteElo "1591"]
[BlackElo "978"]
[Opening "Two knights defense (Modern bishop's opening)"]
[ECO "C55"]
[NIC "IG.01"]
[Time "13:12:31"]
[PlyCount "48"]
[TimeControl "1500+5"]

1. e4 e5 2. Nf3 Nc6 3. Bc4 Nf6 4. d3 h6 5. Nc3 Bc5 6. O-O d6 7. h3 Be6 8.
Re1 Bxc4 9. dxc4 Qd7 10. Nd5 O-O-O 11. c3 Nxd5 12. cxd5 Ne7 13. b4 Bb6 14.
a4 a6 15. Qb3 f5 16. b5 a5 17. Ba3 g5 18. exf5 Qxf5 19. Re2 g4 20. hxg4
Qxg4 21. Raa2 Rhg8 22. Ne1 Nf5 23. Qc2 Ng3 24. Rd2 Qh4 { White resigns }
0-1

[Event "ICC tourney 2533 (25 5)"]
[Site "Internet Chess Club"]
[Date "2021.04.24"]
[Round "2"]
[White "WEICHENG ZHANG, JUSTIN:K09-16253356"]
[Black "MEI, AUSTIN R:K09-16090452"]
[Result "0-1"]
[ICCResult "White resigns"]
[WhiteElo "1355"]
[BlackElo "2149"]
[Opening "King's Indian: Sämisch, 5...O-O"]
[ECO "E81"]
[NIC "KI.32"]
[Time "13:13:03"]
[PlyCount "76"]
[TimeControl "1500+5"]

1. d4 Nf6 2. c4 g6 3. Nc3 Bg7 4. e4 O-O 5. f3 d6 6. Be3 c5 7. d5 e6 8. Qd2
exd5 9. cxd5 Na6 10. a3 Nc7 11. O-O-O Rb8 12. g4 b5 13. Bh6 b4 14. Bxg7
bxc3 15. Qxc3 Kxg7 16. g5 Re8 17. Qxf6+ Qxf6 18. gxf6+ Kxf6 19. h4 h5 20.
Nh3 Bxh3 21. Bxh3 Re7 22. Rhe1 Rbe8 23. Kc2 Ke5 24. Rd3 Nb5 25. Rf1 Kf4 26.
Kd2 Rb8 27. Rb3 Reb7 28. Kc1 Nd4 29. Rxb7 Rxb7 30. Kb1 Rb3 31. Bg2 Kg3 32.
Bh1 Kf4 33. Ka2 Re3 34. Kb1 Re2 35. Ka2 Rh2 36. Kb1 Ne2 37. Re1 Ke5 38. Rg1
Nxg1 { White resigns } 0-1

[Event "ICC tourney 2533 (25 5)"]
[Site "Internet Chess Club"]
[Date "2021.04.24"]
[Round "2"]
[White "CHUGH, ROHAN:K09-16024710"]
[Black "GAW, CHLOE:K09-16608942"]
[Result "0-1"]
[ICCResult "White resigns"]
[WhiteElo "1072"]
[BlackElo "1719"]
[Opening "Sicilian"]
[ECO "B56"]
[NIC "SI.25"]
[Time "13:13:31"]
[PlyCount "60"]
[TimeControl "1500+5"]

1. e4 c5 2. Nf3 d6 3. d4 cxd4 4. Nxd4 Nf6 5. Nc3 Nc6 6. Bb5 Bd7 7. Ba4 g6
8. O-O Bg7 9. Re1 O-O 10. Nxc6 bxc6 11. h3 Qc7 12. Be3 e5 13. Bb3 Be6 14.
Qd2 Rfd8 15. Red1 d5 16. exd5 cxd5 17. Nxd5 Nxd5 18. Bxd5 Rxd5 19. Qb4 Rad8
20. Re1 Rb8 21. Qe4 Rxb2 22. Red1 Rxd1+ 23. Rxd1 Rxc2 24. Qa4 Rc6 25. Qa3
h6 26. Rc1 Rxc1+ 27. Bxc1 Bxa2 28. Qxa2 Qxc1+ 29. Kh2 Qc5 30. Qxa7 Qxa7 {
White resigns } 0-1

[Event "ICC tourney 2533 (25 5)"]
[Site "Internet Chess Club"]
[Date "2021.04.24"]
[Round "2"]
[White "CHOPRA, NIKITA:K09-30161249"]
[Black "KENGSOONTRA, PATRICK:K09-15777277"]
[Result "1-0"]
[ICCResult "Black resigns"]
[WhiteElo "1015"]
[BlackElo "1642"]
[Opening "King's Indian: 5.Nf3"]
[ECO "E90"]
[NIC "KI.21"]
[Time "13:12:51"]
[PlyCount "59"]
[TimeControl "1500+5"]

1. d4 Nf6 2. c4 g6 3. Nc3 Bg7 4. e4 d6 5. Nf3 O-O 6. Bf4 c6 7. Qd2 Re8 8.
O-O-O Nbd7 9. Kb1 a6 10. h3 b5 11. e5 dxe5 12. dxe5 Nh5 13. Bh2 Bf8 14. g4
Ng7 15. Ng5 h6 16. Nge4 Ne6 17. Bg2 Qc7 18. f4 Nec5 19. Nxc5 Nxc5 20. b4
Nb7 21. c5 Be6 22. Rhg1 Red8 23. Qc2 Rxd1+ 24. Nxd1 Qd7 25. f5 gxf5 26.
gxf5 Bc4 27. Bxc6+ Bg7 28. Bxd7 Rd8 29. Qg2 Bd3+ 30. Ka1 { Black resigns }
1-0

[Event "ICC tourney 2533 (25 5)"]
[Site "Internet Chess Club"]
[Date "2021.04.24"]
[Round "2"]
[White "ZOFFER, OSKAR:K09-16471866"]
[Black "A STIDHAM, ALLEN:K09-16027993"]
[Result "1-0"]
[ICCResult "Black resigns"]
[WhiteElo "1680"]
[BlackElo "1041"]
[Opening "Nimzovich-Larsen attack: classical variation"]
[ECO "A01"]
[NIC "VO.08"]
[Time "13:11:46"]
[PlyCount "79"]
[TimeControl "1500+5"]

1. b3 d5 2. Bb2 Nc6 3. e3 e5 4. Bb5 Ne7 5. Bxe5 a6 6. Bxc6+ Nxc6 7. Bb2 Bf5
8. Nf3 f6 9. O-O Bd6 10. d3 Bg4 11. Nbd2 O-O 12. a3 Be5 13. Bxe5 fxe5 14.
Qc1 Bxf3 15. Nxf3 e4 16. dxe4 dxe4 17. Nd2 Qh4 18. Qe1 Rae8 19. Qe2 b5 20.
Rfd1 Rf6 21. Nf1 Rg6 22. Ng3 Qf6 23. Rab1 Rh6 24. Rd7 Re7 25. Rxe7 Qxe7 26.
Nf5 Qxa3 27. Nxh6+ gxh6 28. Qg4+ Kh8 29. Qc8+ Kg7 30. Qxc7+ Ne7 31. Rd1 Kf7
32. Qf4+ Ke8 33. Qxe4 a5 34. g3 a4 35. bxa4 bxa4 36. Qxh7 Qb2 37. Qd3 a3
38. Qb3 Qxb3 39. cxb3 Nc6 40. Ra1 { Black resigns } 1-0

[Event "ICC tourney 2533 (25 5)"]
[Site "Internet Chess Club"]
[Date "2021.04.24"]
[Round "2"]
[White "QUAN, JAKE TAYLOR:K09-15117746"]
[Black "E BROADUS, ANDERSON:K09-17254874"]
[Result "1-0"]
[ICCResult "Black checkmated"]
[WhiteElo "1582"]
[BlackElo "551"]
[Opening "Queen's pawn game, Chigorin variation"]
[ECO "D02"]
[NIC "QP.08"]
[Time "13:11:36"]
[PlyCount "61"]
[TimeControl "1500+5"]

1. d4 d5 2. Nf3 Nc6 3. g3 g6 4. Bg2 Bg7 5. O-O e6 6. c4 dxc4 7. Qa4 Bd7 8.
Qxc4 Na5 9. Qc2 Nc6 10. Rd1 Nb4 11. Qb3 Qe7 12. e4 a5 13. a3 a4 14. Qxb4
Qxb4 15. axb4 Ne7 16. Nc3 Nc6 17. Rxa4 Rxa4 18. Nxa4 Nxb4 19. Nc5 Bc6 20.
Bd2 Nc2 21. Bc3 b6 22. Nd3 Bxe4 23. Ng5 Bxg2 24. Kxg2 Nxd4 25. Nb4 c5 26.
Nc6 Nxc6 27. Bxg7 Rg8 28. Bf6 h6 29. Nf3 g5 30. Ne5 Nxe5 31. Rd8# { Black
checkmated } 1-0

[Event "ICC tourney 2533 (25 5)"]
[Site "Internet Chess Club"]
[Date "2021.04.24"]
[Round "2"]
[White "WISNIOWSKI, NATALIE:K09-15702390"]
[Black "ISAAC JENKINS, MATTHEW:K09-16814454"]
[Result "1-0"]
[ICCResult "Black resigns"]
[WhiteElo "2006"]
[BlackElo "1302"]
[Opening "Neo-Grünfeld, 6.O-O c6"]
[ECO "D78"]
[NIC "SL.01"]
[Time "13:12:11"]
[PlyCount "107"]
[TimeControl "1500+5"]

1. d4 d5 2. c4 c6 3. Nf3 Nf6 4. g3 g6 5. Bg2 Bg7 6. O-O O-O 7. b3 b6 8. Bb2
Bb7 9. Nc3 c5 10. dxc5 bxc5 11. cxd5 Nxd5 12. Qc2 Nxc3 13. Bxc3 Nd7 14.
Rfd1 Qc8 15. Rac1 Nf6 16. Bxf6 Bxf6 17. Qxc5 Qxc5 18. Rxc5 Ba6 19. e3 e6
20. Ra5 Bb7 21. Rd7 Bc6 22. Rdxa7 Rxa7 23. Rxa7 Rd8 24. Nd4 Bxg2 25. Kxg2
Bxd4 26. exd4 Rxd4 27. Rb7 Kf8 28. a4 Ke8 29. a5 Rd6 30. b4 Ra6 31. Kf3 h5
32. Ke4 f5+ 33. Ke5 Kd8 34. Rb6 Rxb6 35. axb6 Kc8 36. Kxe6 Kb7 37. Kf6 Kxb6
38. Kxg6 Kb5 39. Kxf5 Kxb4 40. Kg5 Kc4 41. Kxh5 Kd5 42. Kg6 Ke6 43. h4 Ke7
44. Kg7 Ke6 45. h5 Kf5 46. h6 Kg4 47. h7 Kf3 48. h8=Q Kxf2 49. Qe8 Kg2 50.
Kg6 Kh3 51. Kg5 Kg2 52. Kg4 Kh2 53. Qe2+ Kh1 54. Kf3 { Black resigns } 1-0

[Event "ICC tourney 2533 (25 5)"]
[Site "Internet Chess Club"]
[Date "2021.04.24"]
[Round "2"]
[White "BALAKRISHNAN, NAVEEN:K09-15197624"]
[Black "EISENBRAUN, TYLER:K09-30031250"]
[Result "1/2-1/2"]
[ICCResult "Game drawn by mutual agreement"]
[WhiteElo "1755"]
[BlackElo "472"]
[Opening "Sicilian: Canal-Sokolsky attack, 3...Bd7"]
[ECO "B52"]
[NIC "SI.01"]
[Time "13:11:45"]
[PlyCount "97"]
[TimeControl "1500+5"]

1. e4 c5 2. Nf3 d6 3. Bb5+ Bd7 4. Bxd7+ Nxd7 5. O-O Ngf6 6. Re1 g6 7. c3
Bg7 8. d4 cxd4 9. cxd4 O-O 10. Nc3 a6 11. Qc2 b5 12. a3 e5 13. dxe5 dxe5
14. Bg5 Qc8 15. Rac1 h6 16. Bh4 Rb8 17. b4 Nb6 18. Nxe5 Re8 19. Nd3 Nfd7
20. Nd5 Qxc2 21. Rxc2 Nxd5 22. exd5 Nb6 23. d6 Rxe1+ 24. Nxe1 g5 25. Bg3
Rd8 26. Rc6 Nc4 27. Rxa6 f5 28. h4 f4 29. Bh2 Rxd6 30. Rxd6 Nxd6 31. hxg5
hxg5 32. g3 fxg3 33. Bxg3 Nc4 34. Nc2 Bb2 35. Kg2 Nxa3 36. Nxa3 Bxa3 37.
Bd6 Kf7 38. Kg3 Ke6 39. Bc5 Kd5 40. Kg4 Bc1 41. Be7 Bd2 42. Bxg5 Bxb4 43.
Bf6 Ke4 44. f4 Bd6 45. f5 b4 46. Kg5 b3 47. Bb2 Be5 48. Ba3 Kd5 49. Kg6 {
Game drawn by mutual agreement } 1/2-1/2

[Event "ICC tourney 2533 (25 5)"]
[Site "Internet Chess Club"]
[Date "2021.04.24"]
[Round "2"]
[White "GIBSON, MICHAEL:K09-17297651"]
[Black "SHAH, ARSH:K09-17096480"]
[Result "0-1"]
[ICCResult "White checkmated"]
[WhiteElo "585"]
[BlackElo "1687"]
[Opening "Giuoco Pianissimo: Italian four knights variation"]
[ECO "C47"]
[NIC "KP.06"]
[Time "13:14:09"]
[PlyCount "90"]
[TimeControl "1500+5"]

1. e4 e5 2. Nc3 Nc6 3. Nf3 Nf6 4. Bc4 Bc5 5. d3 h6 6. a3 d6 7. b4 Bb6 8. b5
Ne7 9. a4 Ba5 10. Bb2 Ng6 11. O-O O-O 12. Nd5 Be6 13. Nxf6+ Qxf6 14. Bxe6
fxe6 15. g4 Qxf3 16. Qxf3 Rxf3 17. Rad1 Raf8 18. Bc1 Bb6 19. d4 Bxd4 20.
Be3 Bxe3 21. fxe3 Rxf1+ 22. Rxf1 Rxf1+ 23. Kxf1 Kf7 24. c4 c6 25. a5 cxb5
26. cxb5 d5 27. exd5 exd5 28. g5 hxg5 29. e4 dxe4 30. Ke2 Kf6 31. Kd2 Kf5
32. Ke3 Ne7 33. Kd2 Kf4 34. Ke1 e3 35. h3 Kf3 36. a6 bxa6 37. bxa6 e2 38.
h4 gxh4 39. Kd2 Kf2 40. Kc3 e1=Q+ 41. Kc4 Qc1+ 42. Kb5 Qc3 43. Ka4 Qb2 44.
Ka5 Nc6+ 45. Ka4 Qb4# { White checkmated } 0-1